 Dungeon Crawl Stone Soup version 0.29-a0-243-g602b31c20e (webtiles) character file.

Game seed: 2053447757121776776

32 timneilson the Covered (level 3, -1/23 HPs)
             Began as a Gargoyle Fighter on Mar 4, 2022.
             Slain by Sigmund
             ... wielding a +0 scythe
              (2 damage)
             ... on level 2 of the Dungeon.
             The game lasted 00:01:45 (1584 turns).

timneilson the Covered (Gargoyle Fighter)           Turns: 1584, Time: 00:01:46

Health: -1/23      AC: 12    Str: 21    XL:     3   Next: 25%
Magic:  3/3        EV:  9    Int:  8    God:
Gold:   120        SH:  4    Dex:  9    Spells: 2/2 levels left

rFire   . . .      SeeInvis .   a - +0 long sword
rCold   . . .      Faith    .   c - +0 buckler
rNeg    + . .      Spirit   .   b - +0 scale mail
rPois   ∞          Reflect  .   h - +2 hat
rElec   +          Harm     .   (no cloak)
rCorr   .          Rampage  .   (no gloves)
Will    .....                   (no boots)
Stlth   ..........              (no amulet)
HPRegen 0.07/turn               (no ring)
MPRegen 0.08/turn               (no ring)

@: mighty, studying Slings
A: sickness immunity, AC +3, negative energy resistance 1, electricity
resistance, torment resistance 1, petrification resistance
a: no special abilities


You were on level 2 of the Dungeon.
You visited 1 branch of the dungeon, and saw 2 of its levels.

You collected 120 gold pieces.

Inventory:

Hand Weapons
 a - a +0 long sword (weapon)
Armour
 b - a +0 scale mail (worn)
 c - a +0 buckler (worn)
 h - a +2 hat (worn)
Scrolls
 f - 2 scrolls of teleportation
 g - a scroll of enchant armour {unknown}
Potions
 e - a potion of ambrosia
 i - a potion of brilliance {unknown}


   Skills:
 + Level 3.4 Fighting
 * Level 2.2 Long Blades
 * Level 3.7 Armour
 + Level 0.5 Dodging
 * Level 3.7 Shields


You had 2 spell levels left.
You didn't know any spells.
Your spell library was empty.

Dungeon Overview and Level Annotations

Branches:
Dungeon (2/15)

Altars:

Shops:
D:2 (

Annotations:
D:2 Sigmund


Innate Abilities, Weirdness & Mutations

You are immune to sickness and miasma.
Your stone body is resilient. (AC +3)
You are immune to poison.
You resist negative energy. (rN+)
You are resistant to electric shocks. (rElec)
You are resistant to unholy torment.
You are immune to petrification.


Message History

You are too injured to fight recklessly!
You are too injured to fight recklessly!
You are too injured to fight recklessly!
Unknown command.
It was a potion of ambrosia.
You are confused.
You feel invigorated. Sigmund barely misses you.
You're too confused to move!
Sigmund barely misses you.
You hit Sigmund.
Sigmund is moderately wounded.
Sigmund hits you with a +0 scythe. Sigmund gestures at you while chanting.
You resist with significant effort.
You're too confused to move!
Sigmund mumbles some strange words.
Sigmund flickers and vanishes!
Deactivating autopickup; reactivate with Ctrl-A.
You completely miss something. Something hits you but does no damage.
You feel very mighty all of a sudden.
You hear some strange, mumbled words.
You are more confused.
You closely miss something.
You feel less invigorated. Something hits you but does no damage.
You completely miss something.
You hear some strange, mumbled words.
A magic dart appears from out of thin air!
The magic dart hits you.
You completely miss something. Something hits you but does no damage.
Something hits you but does no damage.
You feel less confused.
You barely miss something. Something hits you.
You closely miss something.
You hear some strange, mumbled words.
A magic dart appears from out of thin air!
The magic dart hits you!
* * * LOW HITPOINT WARNING * * *
You barely miss something. Something hits you.
* * * LOW HITPOINT WARNING * * *
You closely miss something. Something hits you.
You die...

#.# ######.##
#..>....#
#.###...##
#........#
#..##...## ###.
#...#######
.....##{........)
##.....@.#######
######.## #.# #.#
#.# #.# #.# #..


There were no monsters in sight!

Vanquished Creatures
  A dart slug (D:1)
  3 endoplasms
  2 giant cockroaches (D:1)
  A goblin (D:1)
  2 hobgoblins (D:1)
  2 jackals (D:1)
  4 ball pythons (D:1)
  2 bats (D:1)
  4 frilled lizards (D:1)
  5 kobolds (D:1)
  2 rats (D:1)
28 creatures vanquished.

Notes
Turn   | Place    | Note
-------+----------+-------------------------------------------
     0 | D:1      | timneilson the Gargoyle Fighter began the quest for the
                  | Orb.
     0 | D:1      | Reached XP level 1. HP: 14/14 MP: 1/1
   233 | D:1      | Reached XP level 2. HP: 14/19 MP: 2/2
  1031 | D:1      | Reached XP level 3. HP: 23/23 MP: 3/3
  1465 | D:2      | Found Bekiuppe's Weapon Shoppe.
  1513 | D:2      | Found a faded altar of an unknown god.
  1559 | D:2      | Noticed Sigmund
  1567 | D:2      | HP: 1/23 [Sigmund/puff of flame (14)]
  1583 | D:2      | HP: 1/23 [something (5)]
  1584 | D:2      | Slain by Sigmund

Illustrated notes

Levels and vault maps discovered:
D:1:      psy_arrival_basics, layout_loops_ring, roderic_lattice_a,
          minmay_stone_trees_medium, minmay_unequal
D:2:      layout_loops_corners, dreamdust_ecumenical_altar_hidden_monk_grotto,
          serial_shops, nicolae_shop_hallway_plus, kennysheep_generic_room_13,
          uniq_sigmund

Skill      XL: |  1 |
---------------+----+-----
Long Blades    | 2 |  2.2
Fighting       | |  3.4
Armour         | |  3.7
Dodging        | |  0.5
Shields        | |  3.7

Action                   || total
-------------------------++-------
Melee: Long sword        ||   113
  Use: Scroll            ||     5
       Potion            ||     2
Armor: Scale mail        ||    64
Dodge: Dodged            ||    48
Block: Buckler           ||    25

Table legend: (Time is in decaauts)
 A = Elapsed time spent in this place.
 B = Non-inter-level travel time spent in this place.
 C = Inter-level travel time spent in this place.
 D = Time resting spent in this place.
 E = Time spent auto-exploring this place.
 F = Levels seen in this place.
 G = Mean time per level.
                   A        B        C        D        E       F      G
               +--------+--------+--------+--------+--------+-----+--------+
         Total |   1621 |   1594 |     27 |     17 |   1286 |   2 |  810.5 |
       Dungeon |   1621 |   1594 |     27 |     17 |   1286 |   2 |  810.5 |
               +--------+--------+--------+--------+--------+-----+--------+

Top non-repeatable levels by time:
     D:1: 1476 daAuts
     D:2: 144 daAuts
